 Dungeon Crawl Stone Soup version 0.20.2-3-g29329e0561 (webtiles) character file.

377 Alfie the Shield-Bearer (level 6, -6/53 HPs)
             Began as a Hill Orc Fighter on Nov 23, 2023.
             Killed by divine providence
             ... invoked by an orc priest
              (9 damage)
             ... on level 5 of the Dungeon.
             The game lasted 00:07:23 (2659 turns).

Alfie the Shield-Bearer (Hill Orc Fighter)          Turns: 2659, Time: 00:07:24

Health: -6/53      AC:  9    Str: 21    XL:     6   Next: 73%
Magic:  6/6        EV:  8    Int:  8    God:
Gold:   217        SH: 10    Dex: 10    Spells: 5/5 levels left

rFire    . . .     SeeInvis .   a - +0 rapier
rCold    . . .     Gourm    .   c - +0 shield
rNeg     . . .     Faith    .   b - +0 scale mail
rPois    .         Spirit   .   (no helmet)
rElec    .         Reflect  .   t - +0 cloak
rCorr    .         Harm     .   u - +0 pair of gloves
MR       .....                  (no boots)
Stlth    +.........             (no amulet)
Regen    0.2/turn               i - ring of stealth
MPRegen  0.1/turn               (no ring)

@: no status effects
A: no striking features
a: Convert to Beogh


You were on level 5 of the Dungeon.
You were not hungry.

You visited 1 branch of the dungeon, and saw 5 of its levels.

You collected 217 gold pieces.

Inventory:

Hand Weapons
 a - a +0 rapier (weapon)
Armour
 b - a +0 scale mail (worn)
 c - a +0 shield (worn)
 t - a +0 cloak (worn)
 u - a +0 pair of gloves (worn)
Jewellery
 h - a cursed ring of teleportation
 i - a ring of stealth (left hand)
 l - an uncursed ring of magical power
 D - a +4 ring of evasion {unknown}
 H - a +4 amulet of reflection {unknown}
Wands
 r - a wand of polymorph (4/24)
 x - a wand of acid (7/15)
Scrolls
 e - 2 scrolls of enchant armour {unknown}
 k - 2 scrolls of remove curse
 n - a scroll of identify
 o - a scroll of random uselessness
 w - a scroll of fear {unknown}
 y - 2 scrolls of noise {unknown}
 z - a scroll of magic mapping {unknown}
 C - a scroll of recharging {unknown}
 F - a scroll of fog {unknown}
Potions
 d - a potion of might
 g - a potion of heal wounds
 j - a potion of invisibility {unknown}
 p - a potion of curing {unknown}
 q - a potion of agility {unknown}
 s - a potion of cancellation {unknown}
 v - a potion of degeneration {unknown}
 A - a potion of magic {unknown}
 B - 2 potions of brilliance {unknown}
 G - a potion of lignification {unknown}
Comestibles
 f - 5 bread rations
 m - 2 meat rations
 E - a royal jelly


   Skills:
 + Level 4.6 Fighting
 + Level 4.4 Short Blades
 + Level 4.4 Armour
 + Level 0.8 Dodging
 + Level 0.5 Stealth
 + Level 4.9 Shields


You had 5 spell levels left.
You didn't know any spells.

Dungeon Overview and Level Annotations

Branches:
Dungeon (5/15)             Temple (0/1) D:5

Altars:
Cheibriados
Gozag
Qazlal
Zin
The Shining One


Message History

Something hits you but does no damage. You block the orc priest's attack.
There is an open door, spattered with blood here.
You see here a whip.
You hit the orc priest but do no damage.
Something hits you. You block the orc priest's attack.
Something hits you but does no damage.
You hit the orc priest.
The orc priest is moderately wounded.
The orc priest mumbles some strange prayers to Beogh against you.
Beogh smites you!
* * * LOW HITPOINT WARNING * * *
Something hits you but does no damage.
Your shield and scale mail prevent you from hitting the orc priest.
The orc priest is moderately wounded.
You block the orc priest's attack. Something hits you but does no damage.
You puncture the orc priest!
The orc priest is almost dead.
The orc priest calls down the wrath of Beogh upon you.
Beogh smites you!
You die...

#..###...####
#..# #.⌠.#
+..###...#
#....#####
###+#####..#
#..........#
+.........#.....
#.........+.....
#...###@###
..... ... #.o..#
..... .. ......#
.... ..##....+
.... ## #....#
.....# #....#
#...[#


You could see an orc priest.

Vanquished Creatures
  A scorpion (D:4)
  A howler monkey (D:4)
  An orc priest (D:4)
  An orc wizard (D:4)
  2 worker ants (D:4)
  3 gnolls (D:3)
  7 adders
  An adder skeleton (D:4)
  4 worms
  4 leopard geckos
  5 orcs
  5 bats
  11 giant cockroaches
  5 goblins
  8 hobgoblins
  2 quokkas
  3 ball pythons
  7 frilled lizards
  5 kobolds
  7 rats
83 creatures vanquished.

Notes
Turn   | Place    | Note
-------+----------+-------------------------------------------
     0 | D:1      | Alfie the Hill Orc Fighter began the quest for the Orb.
     0 | D:1      | Reached XP level 1. HP: 19/19 MP: 1/1
   166 | D:1      | Reached XP level 2. HP: 20/27 MP: 2/2
   458 | D:1      | Reached XP level 3. HP: 29/33 MP: 3/3
   914 | D:2      | Found a glowing golden altar of the Shining One.
   926 | D:2      | Found an opulent altar of Gozag.
  1107 | D:2      | Reached XP level 4. HP: 30/40 MP: 4/4
  1630 | D:3      | Reached XP level 5. HP: 34/46 MP: 5/5
  1746 | D:3      | Found a stormy altar of Qazlal.
  2122 | D:4      | Found a glowing silver altar of Zin.
  2283 | D:4      | Reached XP level 6. HP: 53/53 MP: 6/6
  2598 | D:5      | Entered Level 5 of the Dungeon
  2608 | D:5      | Found a snail-covered altar of Cheibriados.
  2623 | D:5      | Found a staircase to the Ecumenical Temple.
  2659 | D:5      | Killed from afar by an orc priest

Skill      XL: |  1  2  3  4  5  6 |
---------------+-------------------+-----
Shields        | 4 |  4.9
Fighting       | 4 |  4.6
Short Blades   | 3 4 |  4.4
Armour         | 4 |  4.4
Dodging        | |  0.8
Stealth        | |  0.5

Action                   |  1- 3 |  4- 6 || total
-------------------------+-------+-------++-------
Melee: Rapier            |   156 |   227 ||   383
  Use: Scroll            |       |     6 ||     6
       Potion            |       |     1 ||     1
  Eat: Bread ration      |     1 |       ||     1
       Royal jelly       |       |     1 ||     1
Armor: Scale mail        |    74 |    80 ||   154
Dodge: Dodged            |    34 |    62 ||    96
Block: Shield            |    88 |    87 ||   175
